 Dungeon Crawl Stone Soup version 0.19.5 (webtiles) character file.

105 Gargoyl the Skirmisher (level 4, 0/39 (40) HPs)
             Began as a Ghoul Abyssal Knight on Mar 14, 2017.
             Was a Believer of Lugonu.
             Slain by a gnoll
             ... wielding a +0 halberd
              (4 damage)
             ... on level 2 of the Dungeon.
             The game lasted 00:03:16 (1812 turns).

Gargoyl the Skirmisher (Ghoul Abyssal Knight)       Turns: 1812, Time: 00:03:16

HP:   0/39 (40)     AC:  8    Str: 15    XL:     4   Next: 81%
MP:   4/4           EV:  1    Int:  7    God:    Lugonu [**....]
Gold: 110           SH: 10    Dex:  9    Spells: 0 memorised, 3 levels left

rFire  + . .     SeeInvis .     a - +1 hand axe
rCold  + . .     Gourm    .     d - +0 chain mail
rNeg   + + +     Faith    .     e - +0 large shield
rPois  ∞         Spirit   .     (no helmet)
rElec  .         Reflect  .     (no cloak)
rCorr  .         Harm     .     (no gloves)
MR     .....                    (no boots)
Stlth  ..........               (no amulet)
                                (no ring)
                                b - ring of protection from fire

@: rotting
A: rotting body, claws 1, carnivore 3, cold resistance 1, negative energy
resistance 3, slow regeneration 1, torment resistance, unbreathing
a: Depart the Abyss, Bend Space, Renounce Religion


You were on level 2 of the Dungeon.
You worshipped Lugonu.
Lugonu was pleased with you.
You were not hungry.

You visited 1 branch of the dungeon, and saw 2 of its levels.
You visited the Abyss 1 time.

You collected 110 gold pieces.

Inventory:

Hand Weapons
 a - a +1 hand axe (weapon)
Armour
 d - a +0 chain mail (worn)
 e - a +0 large shield (worn)
Jewellery
 b - a ring of protection from fire (left claw)
Potions
 i - a potion of curing {unknown}
Comestibles
 c - a meat ration
 f - a beef jerky


   Skills:
 + Level 4.0 Fighting
 + Level 2.6 Axes
 * Level 2.6 Armour
 + Level 1.1 Dodging
 + Level 0.6 Shields
 * Level 2.6 Invocations


You had 3 spell levels left.
You didn't know any spells.

Dungeon Overview and Level Annotations

Branches:
Dungeon (2/15)

Altars:


Innate Abilities, Weirdness & Mutations

Your body is rotting away.
You thrive on raw meat.
You are immune to poison.
You have sharp fingernails.
You are carnivorous and can eat meat at any time.
Your flesh is cold resistant. (rC+)
You are immune to negative energy. (rN+++)
You regenerate slowly when monsters are visible.
You are immune to unholy pain and torment.
You can survive without breathing.


Message History

The gnoll is moderately wounded.
The gnoll hits you with a halberd.
You barely miss the gnoll.
The gnoll is moderately wounded.
The gnoll hits you with a halberd.
You hit the gnoll.
The gnoll is moderately wounded.
You block the gnoll's attack.
You hit the gnoll.
The gnoll is severely wounded.
The gnoll barely misses you.
You hit the gnoll but do no damage.
The gnoll is severely wounded.
The gnoll hits you with a halberd.
You closely miss the gnoll.
The gnoll is severely wounded.
The gnoll hits you with a halberd!
* * * LOW HITPOINT WARNING * * *
The gnoll hits you with a halberd.
You die...

#..........#...###
#........[.#.#....
#................÷
#..........#.#....
###.......g.......
#........$......
#............... #..
########....#...... #.#.
#.@g.#.............
...####..................
##.........####.....##...
...................# #..
##...#########.....# #(
##..#########.....# .
#.........##.....#
#..######.<......# #.##
#####.#......


You could see a gnoll.

Vanquished Creatures
  3 gnolls (D:1)
  3 adders (D:2)
  An ooze (D:1)
  2 dart slugs (D:2)
  A leopard gecko (D:1)
  7 bats (D:1)
  3 giant cockroaches (D:1)
  4 hobgoblins (D:1)
  4 jackals (D:1)
  4 kobolds (D:1)
  A ball python (D:1)
  A frilled lizard (D:1)
  3 goblins (D:1)
  6 rats (D:1)
43 creatures vanquished.

Vanquished Creatures (others)
  A hobgoblin (D:2)
1 creature vanquished.

Grand Total: 44 creatures vanquished

Notes
Turn   | Place    | Note
-------+----------+-------------------------------------------
     0 | Abyss:1  | Gargoyl the Ghoul Abyssal Knight began the quest for the Orb.
     0 | Abyss:1  | Reached XP level 1. HP: 19/19 MP: 1/1
    78 | Abyss:1  | Noticed a freezing wraith
    79 | Abyss:1  | Noticed a smoke demon
    82 | D:1      | Escaped the Abyss
   373 | D:1      | Reached skill level 1 in Dodging
   429 | D:1      | Reached XP level 2. HP: 26/26 MP: 2/2
   467 | D:1      | Reached * piety under Lugonu
   599 | D:1      | Reached XP level 3. HP: 25/33 MP: 3/3
  1130 | D:1      | Reached ** piety under Lugonu
  1295 | D:2      | Reached XP level 4. HP: 30/40 MP: 4/4
  1352 | D:2      | Found a faded altar of an unknown god.
  1379 | D:2      | Reached skill level 4 in Fighting
  1812 | D:2      | Slain by a gnoll

Skill      XL: |  1  2  3  4 |
---------------+-------------+-----
Dodging        | 1 |  1.1
Armour         | 2 |  2.6
Axes           | 2 |  2.6
Fighting       | 4 |  4.0
Shields        | |  0.6
Invocations    | |  2.6

Action                   |  1- 3 |  4- 6 || total
-------------------------+-------+-------++-------
Melee: Hand axe          |   108 |    63 ||   171
Invok: Depart the Abyss  |     1 |       ||     1
  Use: Scroll            |     4 |     1 ||     5
  Eat: Chunk             |    12 |     6 ||    18
Armor: Chain mail        |   124 |    23 ||   147
Dodge: Dodged            |    53 |     4 ||    57
Block: Large shield      |    28 |    36 ||    64
